AoeStats
← JuL10SSJ

Arabia

509970979Analyzed
1v1 RM · 4d ago on Sep 28, 2026· 40m 59s· 2 players
Game mode
Random Map
Map size
Tiny (2 player)
Population
200
Speed
Normal
Resources
Standard
Victory
Conquest
Starting age
Dark Age
Ending age
Imperial Age
RankedLock teamsTeams togetherTeam positionsShared explorationLock speedFull tech treeHidden civsTurbo modeCheats
Victory
Defeat
🇺🇸 Spanish · United States
1022
+14
🇨🇱 Varangians · Chile
983
-14
JuL10SSJ
7:53 Loom
10:02 Feudal Age
10:50 Man-at-Arms
11:49 Arson
15:21 Double-Bit Axe
20:05 Horse Collar
25:10 Castle Age
23:26 Stone Mining
24:04 Gold Mining
24:51 Fletching
25:01 Padded Archer Armor
25:54 Forging
25:57 Gambesons
28:04 Bow Saw
28:55 Fervor
29:21 Bodkin Arrow
31:13 Bloodlines
31:55 Heavy Plow
33:27 Squires
33:28 Elite Skirmisher
35:14 Treadmill Crane
35:55 Murder Holes
39:21 Leather Archer Armor
jlsnider9
7:31 Loom
9:24 Feudal Age
7:43 Loom
10:02 Double-Bit Axe
23:19 Castle Age
21:34 Stone Mining
21:57 Horse Collar
23:27 Bloodlines
24:20 Bow Saw
24:16 Husbandry
28:24 Padded Archer Armor
29:39 Leather Archer Armor
30:24 Wheelbarrow
31:58 Light Cavalry
33:40 Scale Barding Armor
36:13 Chain Barding Armor
36:04 Forging
37:53 Hand Cart
39:51 Town Watch
40:14 Heavy Plow
Connection lost

Rejoining the realm…

Still unreachable

The connection could not be restored.

Session expired

The server has moved on; the page needs a fresh start.